[ AOE2 MATCH · #505469891 ]
UnrankedHuns vs Vietnamese
Player's team · WIN
Rival team · LOSS
[ REPLAY ANALYSIS · EXTRACTED FROM THE RECORDED GAME ]
Feudal
10:21
Castle
—
Imperial
—
| APM avg | 63.0 |
| APM peak | 91 |
| eAPM avg | 22.4 |
| Villagers / military | 36 / 26 |
Focus
⚔️ 34.6% · 🌾 65.4%
Archer ×17 · Skirmisher ×5 · Militia ×4
Feudal
9:32
Castle
—
Imperial
—
| APM avg | 45.8 |
| APM peak | 100 |
| eAPM avg | 16.6 |
| Villagers / military | 39 / 3 |
Focus
⚔️ 29.8% · 🌾 70.2%
Archer ×3
Match map
Initial resources + every placement click. Lines = walls · curves = elevation contours. ◆ gold · ⬟ stone · ● berries · ✦ relic · ◌ wall gap
Your base· Open — unwalled flank
MarcosGM93's base· Open — unwalled flank
Smoothed initial terrain · ◌ = detected wall gap · hover for details
Inputs per minute
— Pedro - - MarcosGM93
Build order — Pedro
90 actions detected in the replay
| 0:00 | Queue | Villager (Male) |
| 0:01 | Queue | Villager (Male) |
| 0:07 | Queue | Villager (Male) |
| 0:15 | Queue | Villager (Male) |
| 1:15 | Queue | Villager (Male) |
| 1:44 | Build | Lumber Camp |
| 1:45 | Queue | Villager (Male) |
| 2:10 | Queue | Villager (Male) |
| 2:29 | Queue | Villager (Male) |
| 2:49 | Queue | Villager (Male) |
| 3:29 | Queue | Villager (Male) |
| 3:48 | Queue | Villager (Male) |
| 4:11 | Queue | Villager (Male) |
| 4:28 | Queue | Villager (Male) |
| 4:48 | Queue | Villager (Male) |
| 5:05 | Build | Barracks |
| 5:11 | Queue | Villager (Male) |
| 6:01 | Build | Mill |
| 6:03 | Queue | Militia |
| 6:03 | Queue | Militia |
| 6:04 | Queue | Militia |
| 6:15 | Queue | Villager (Male) |
| 6:18 | Queue | Villager (Male) |
| 6:22 | Queue | Villager (Male) |
| 6:41 | Queue | Militia |
| 6:42 | Queue | Villager (Male) |
| 7:28 | Research | Loom |
| 8:11 | Research | Feudal Age |
| 8:11 | Research | Feudal Age |
| 8:15 | Build | Lumber Camp |
| 8:45 | Queue | Villager (Male) |
| 9:03 | Build | Mining Camp |
| 9:07 | Queue | Villager (Male) |
| 10:21 | Age | Feudal Age |
| 10:23 | Build | Archery Range |
| 10:25 | Queue | Villager (Male) |
| 10:33 | Research | Double-Bit Axe |
| 10:33 | Queue | Villager (Male) |
| 10:50 | Queue | Villager (Male) |
| 10:54 | Build | Archery Range |
| 11:04 | Build | Watch Tower |
| 11:09 | Queue | Archer |
| 11:10 | Queue | Archer |
| 11:10 | Queue | Villager (Male) |
| 11:28 | Queue | Archer |
| 11:33 | Research | Man-at-Arms (upgrade) |
| 11:34 | Research | Man-at-Arms (upgrade) |
| 11:41 | Queue | Skirmisher |
| 11:41 | Queue | Skirmisher |
| 11:50 | Queue | Archer |
| 11:50 | Queue | Archer |
| 11:59 | Build | Farm |
| 11:59 | Queue | Villager (Male) |
| 12:29 | Queue | Archer |
| 12:29 | Queue | Archer |
| 12:31 | Build | Palisade Wall |
| 12:33 | Build | Palisade Wall |
| 12:39 | Queue | Villager (Male) |
| 12:40 | Queue | Villager (Male) |
| 12:42 | Build | Farm |
| 13:03 | Queue | Archer |
| 13:03 | Queue | Archer |
| 13:10 | Queue | Villager (Male) |
| 13:11 | Queue | Skirmisher |
| 13:12 | Queue | Skirmisher |
| 13:21 | Queue | Skirmisher |
| 13:29 | Build | Blacksmith |
| 13:35 | Queue | Archer |
| 13:35 | Queue | Archer |
| 13:38 | Queue | Villager (Male) |
| 13:38 | Queue | Villager (Male) |
| 13:40 | Build | Farm |
| 13:50 | Queue | Archer |
| 13:50 | Queue | Archer |
| 14:04 | Queue | Villager (Male) |
| 14:18 | Queue | Villager (Male) |
| 14:21 | Build | Farm |
| 14:22 | Build | Farm |
| 14:38 | Queue | Archer |
| 14:39 | Queue | Villager (Male) |
| 14:54 | Queue | Archer |
| 15:08 | Build | Farm |
| 15:12 | Research | Fletching |
| 15:12 | Queue | Villager (Male) |
| 15:24 | Queue | Archer |
| 15:26 | Build | Farm |
| 15:28 | Build | Farm |
| 15:37 | Queue | Archer |
| 15:57 | Build | Mining Camp |
| 15:57 | Queue | Villager (Male) |
Build order — MarcosGM93
86 actions detected in the replay
| 0:00 | Queue | Villager (Male) |
| 0:00 | Queue | Villager (Male) |
| 0:01 | Queue | Villager (Male) |
| 0:01 | Queue | Villager (Male) |
| 0:01 | Queue | Villager (Male) |
| 0:02 | Build | House |
| 0:04 | Build | House |
| 1:23 | Queue | Villager (Male) |
| 1:23 | Queue | Villager (Male) |
| 1:45 | Build | Lumber Camp |
| 1:50 | Queue | Villager (Male) |
| 1:50 | Queue | Villager (Male) |
| 2:22 | Queue | Villager (Male) |
| 2:59 | Queue | Villager (Male) |
| 3:00 | Queue | Villager (Male) |
| 3:00 | Queue | Villager (Male) |
| 3:37 | Queue | Villager (Male) |
| 3:37 | Queue | Villager (Male) |
| 3:42 | Build | House |
| 3:43 | Build | House |
| 4:00 | Queue | Villager (Male) |
| 4:01 | Queue | Villager (Male) |
| 4:46 | Queue | Villager (Male) |
| 4:46 | Queue | Villager (Male) |
| 4:46 | Queue | Villager (Male) |
| 4:49 | Build | Mill |
| 4:53 | Queue | Villager (Male) |
| 4:54 | Queue | Villager (Male) |
| 5:27 | Queue | Villager (Male) |
| 5:44 | Queue | Villager (Male) |
| 5:45 | Research | Loom |
| 7:22 | Research | Feudal Age |
| 7:23 | Research | Feudal Age |
| 7:38 | Build | Barracks |
| 7:43 | Queue | Villager (Male) |
| 8:26 | Build | Palisade Wall |
| 8:28 | Build | Palisade Wall |
| 8:31 | Build | Palisade Wall |
| 8:36 | Build | Palisade Gate |
| 8:39 | Build | House |
| 8:44 | Build | House |
| 8:47 | Build | Palisade Wall |
| 8:56 | Build | Palisade Wall |
| 9:17 | Queue | Villager (Male) |
| 9:24 | Build | Palisade Wall |
| 9:32 | Age | Feudal Age |
| 9:42 | Queue | Villager (Male) |
| 9:48 | Build | Palisade Wall |
| 9:58 | Queue | Villager (Male) |
| 10:22 | Build | Archery Range |
| 10:53 | Build | Mining Camp |
| 11:11 | Build | Palisade Wall |
| 11:12 | Queue | Villager (Male) |
| 11:15 | Build | Palisade Wall |
| 11:16 | Build | Palisade Wall |
| 11:20 | Queue | Archer |
| 11:21 | Queue | Archer |
| 11:22 | Queue | Villager (Male) |
| 11:30 | Queue | Villager (Male) |
| 11:33 | Build | Palisade Wall |
| 11:38 | Queue | Villager (Male) |
| 11:46 | Queue | Villager (Male) |
| 11:48 | Research | Double-Bit Axe |
| 11:58 | Build | Mill |
| 12:36 | Queue | Villager (Male) |
| 13:01 | Queue | Villager (Male) |
| 13:03 | Build | Farm |
| 13:08 | Queue | Archer |
| 13:23 | Build | Farm |
| 14:12 | Queue | Villager (Male) |
| 14:14 | Build | Farm |
| 14:15 | Build | Farm |
| 14:23 | Queue | Villager (Male) |
| 14:24 | Build | Lumber Camp |
| 14:30 | Queue | Villager (Male) |
| 14:36 | Build | House |
| 14:40 | Build | House |
| 14:49 | Build | Blacksmith |
| 15:17 | Queue | Villager (Male) |
| 15:28 | Build | House |
| 15:31 | Build | Farm |
| 15:32 | Build | Farm |
| 15:32 | Build | Farm |
| 15:32 | Build | Farm |
| 15:32 | Build | Farm |
| 15:33 | Build | Farm |
Match timeline
| 5:05 | Pedro · first_building Barracks |
| 7:38 | MarcosGM93 · first_building Barracks |
| 8:26 | MarcosGM93 · wall_segment Palisade Wall x1 |
| 8:28 | MarcosGM93 · wall_segment Palisade Wall x1 |
| 8:31 | MarcosGM93 · wall_segment Palisade Wall x1 |
| 8:47 | MarcosGM93 · wall_segment Palisade Wall x1 |
| 8:56 | MarcosGM93 · wall_segment Palisade Wall x1 |
| 9:24 | MarcosGM93 · wall_segment Palisade Wall x1 |
| 9:32 | MarcosGM93 · age_up feudal |
| 9:48 | MarcosGM93 · wall_segment Palisade Wall x3 |
| 10:21 | Pedro · age_up feudal |
| 10:22 | MarcosGM93 · first_building Archery Range |
| 10:23 | Pedro · first_building Archery Range |
| 11:11 | MarcosGM93 · wall_segment Palisade Wall x8 |
| 11:15 | MarcosGM93 · wall_segment Palisade Wall x1 |
| 11:16 | MarcosGM93 · wall_segment Palisade Wall x1 |
| 11:33 | MarcosGM93 · wall_segment Palisade Wall x1 |
| 12:31 | Pedro · wall_segment Palisade Wall x1 |
| 12:33 | Pedro · wall_segment Palisade Wall x1 |
| 15:59 | MarcosGM93 · resign |
[ AI ANALYSIS · 1 CREDIT ]
What really happened in this match?
Wolo.gg analyzes every decision: build order, eco, micro, common mistakes by bracket. Personalized analysis on WhatsApp or Discord in 30 seconds.
Civ guide
Huns
Perfil
Pedro